HSSL
EVANS HS KNIGHTS @ BISHOP GORMAN HS
05/13/2023
 
TOP OF THE 1ST
Evans HS Knights batting - Pitching for Bishop Gorman HS : RHP Armando Rodríguez
Pitching: RHP Armando Rodríguez
Batting: LHB Ernesto López 0-0: Called Strike
0-1: Ball
1-1: SINGLE (Line Drive, 6)
Batting: RHB Tom Stoltz 0-0: Called Strike
Ernesto López is caught stealing 2nd base
0-1: Ball
1-1: Foul Ball, location: 2F
1-2: Strikes out looking
Batting: RHB Holden Davis 0-0: Called Strike
0-1: Ground out 6-3 (Groundball, 6M)
Top of the 1st over - 0 run(s), 1 hit(s), 0 error(s), 0 left on base; Evans HS 0 - Bishop Gorman HS 0
BOTTOM OF THE 1ST
Bishop Gorman HS batting - Pitching for Evans HS Knights : LHP Henry Pacheco
Pitching: LHP Henry Pacheco
Batting: LHB Jean-Sébastien Beaudin 0-0: Called Strike
0-1: Foul Ball, location: 2F
0-2: Ball
1-2: Foul Ball, location: 2F
1-2: Strikes out looking
Batting: RHB Eugene Salazar 0-0: Swinging Strike
0-1: Ball
1-1: Swinging Strike
1-2: Strikes out looking
Batting: RHB Vincent Braun 0-0: DOUBLE (Line Drive, 7LS)
Batting: RHB Gary Robinson 0-0: Foul Ball, location: 2F
0-1: Ball
1-1: Foul Ball, location: 2F
1-2: Ball
2-2: Foul Ball, location: 2F
2-2: Ball
3-2: Foul Ball, location: 2F
3-2: Base on Balls
Batting: RHB Kip Murphy 0-0: Ball
1-0: Called Strike
1-1: Called Strike
1-2: Ball
Passed Ball!
Vincent Braun to third
Gary Robinson to second
2-2: Ball
3-2: Base on Balls
Batting: SHB Darren Ramsey 0-0: Ball
1-0: Ball
2-0: Ball
3-0: Base on Balls
Vincent Braun scores
Gary Robinson to third
Kip Murphy to second
Batting: RHB Tim Bonner 0-0: Ball
1-0: Ball
2-0: SINGLE (Line Drive, 9LS)
Gary Robinson scores
Kip Murphy to third
Darren Ramsey to second
Runner from 3rd tries for Home, SAFE, no throw or cutoff
Batting: LHB Jack Jefferson 0-0: 3-RUN HOME RUN (Flyball, 9LD), Distance : 332 ft
Batting: LHB Bill Green 0-0: Called Strike
0-1: Ball
1-1: SOLO HOME RUN (Flyball, 7D), Distance : 382 ft
Batting: LHB Jean-Sébastien Beaudin 0-0: Ball
1-0: Ball
2-0: Ball
3-0: Called Strike
3-1: Foul Ball, location: 2F
3-2: Strikes out swinging
Bottom of the 1st over - 7 run(s), 4 hit(s), 0 error(s), 0 left on base; Evans HS 0 - Bishop Gorman HS 7
TOP OF THE 2ND
Evans HS Knights batting - Pitching for Bishop Gorman HS : RHP Armando Rodríguez
Batting: LHB Bill McCraney 0-0: Ball
1-0: Called Strike
1-1: Called Strike
1-2: Foul Ball, location: 2F
1-2: Foul Ball, location: 2F
1-2: Fly out, F8 (Popup, 8LM)
Batting: SHB Jorge Dávila 0-0: Ball
1-0: Called Strike
1-1: Swinging Strike
1-2: Foul Ball, location: 2F
1-2: Strikes out looking
Batting: RHB Michael Stevenson 0-0: Ball
1-0: Ball
2-0: Called Strike
2-1: Ball
3-1: Called Strike
3-2: Base on Balls
Batting: RHB Ronnie Rogers Pickoff Throw to First - Error! E1
Michael Stevenson to second
0-0: Called Strike
0-1: Called Strike
0-2: Strikes out swinging
Top of the 2nd over - 0 run(s), 0 hit(s), 1 error(s), 1 left on base; Evans HS 0 - Bishop Gorman HS 7
BOTTOM OF THE 2ND
Bishop Gorman HS batting - Pitching for Evans HS Knights : LHP Henry Pacheco
Batting: RHB Eugene Salazar 0-0: Ball
1-0: Ball
2-0: Ball
3-0: Called Strike
3-1: Base on Balls
Batting: RHB Vincent Braun 0-0: Called Strike
0-1: Ball
1-1: Ball
2-1: Ball
3-1: Fielders Choice at 2nd, 1-6 (Groundball, 15S)
Batting: RHB Gary Robinson 0-0: Called Strike
0-1: Ball
1-1: Swinging Strike
1-2: Ball
2-2: Ball
3-2: Foul Ball, location: 2F
3-2: Foul Ball, location: 2F
3-2: SINGLE (Line Drive, 8LS)
Vincent Braun to second
Batting: RHB Kip Murphy 0-0: Ball
1-0: Called Strike
1-1: Ball
2-1: Ball
3-1: Foul Ball, location: 2F
3-2: Strikes out swinging
Batting: SHB Darren Ramsey 0-0: Called Strike
0-1: Called Strike
0-2: Ball
1-2: Strikes out looking
Bottom of the 2nd over - 0 run(s), 1 hit(s), 0 error(s), 2 left on base; Evans HS 0 - Bishop Gorman HS 7
TOP OF THE 3RD
Evans HS Knights batting - Pitching for Bishop Gorman HS : RHP Armando Rodríguez
Batting: LHB Guy Moss 0-0: Called Strike
0-1: Called Strike
0-2: Fly out, F7 (Flyball, 78M)
Batting: RHB John Eaves 0-0: Ball
1-0: Hit by Pitch
Batting: LHB Ernesto López 0-0: Called Strike
0-1: Ball
1-1: Called Strike
1-2: Foul Ball, location: 2F
1-2: Ball
2-2: Foul Ball, location: 2F
2-2: Fly out, F8 (Flyball, 8LM)
Batting: RHB Tom Stoltz 0-0: Ball
1-0: Called Strike
1-1: Ball
2-1: Ball
3-1: Base on Balls
John Eaves to second
Batting: RHB Holden Davis 0-0: Called Strike
0-1: Ball
1-1: 3-RUN HOME RUN (Flyball, 7D), Distance : 367 ft
Batting: LHB Bill McCraney 0-0: Ball
1-0: Ball
2-0: Called Strike
2-1: Swinging Strike
2-2: Foul Ball, location: 2F
2-2: Ball
3-2: Foul Ball, location: 2F
3-2: Foul Ball, location: 2F
3-2: Foul Ball, location: 2F
3-2: Base on Balls
Batting: SHB Jorge Dávila 0-0: Called Strike
0-1: Foul Ball, location: 2F
0-2: Ball
1-2: Fly out, F7 (Flyball, 7M)
Top of the 3rd over - 3 run(s), 1 hit(s), 0 error(s), 1 left on base; Evans HS 3 - Bishop Gorman HS 7
BOTTOM OF THE 3RD
Bishop Gorman HS batting - Pitching for Evans HS Knights : LHP Henry Pacheco
Batting: RHB Tim Bonner 0-0: SOLO HOME RUN (Line Drive, 7D), Distance : 369 ft
Pitching: LHP Bob Watkins
Batting: LHB Jack Jefferson 0-0: Ball
1-0: Ball
2-0: Ball
3-0: Called Strike
3-1: Foul Ball, location: 2F
3-2: Base on Balls
Batting: LHB Bill Green 0-0: Foul Ball, location: 2F
0-1: Ball
1-1: SINGLE (Line Drive, 56D)
Jack Jefferson to second
Batting: LHB Jean-Sébastien Beaudin 0-0: Called Strike
0-1: Ball
1-1: Swinging Strike
1-2: Ball
2-2: Foul Ball, location: 2F
2-2: Ball
3-2: Foul Ball, location: 2F
3-2: Base on Balls
Jack Jefferson to third
Bill Green to second
Batting: RHB Eugene Salazar 0-0: Ball
Wild Pitch!
Jack Jefferson scores
Bill Green to third
Jean-Sébastien Beaudin to second
1-0: Swinging Strike
1-1: SINGLE (Line Drive, 89S)
Bill Green scores
Jean-Sébastien Beaudin to third
Runner from 3rd tries for Home, SAFE, no throw or cutoff
Batting: RHB Vincent Braun 0-0: DOUBLE (Line Drive, 78M)
Eugene Salazar to third
Batting: RHB Gary Robinson 0-0: Ball
1-0: Ball
2-0: Ball
3-0: Called Strike
3-1: Foul Ball, location: 2F
3-2: Foul Ball, location: 2F
3-2: Base on Balls
Batting: RHB Kip Murphy 0-0: SINGLE (Line Drive, 56D)
Eugene Salazar scores
Vincent Braun to third
Gary Robinson to second
Pitching: RHP Dale Stone
Batting: SHB Darren Ramsey 0-0: Called Strike
0-1: Ball
1-1: Ball
2-1: Foul Ball, location: 2F
2-2: Foul Ball, location: 2F
2-2: Strikes out swinging
Batting: RHB Tim Bonner 0-0: Ball
1-0: Swinging Strike
1-1: Grounds into double play, 6-4-3 (Groundball, 6)
Bottom of the 3rd over - 5 run(s), 5 hit(s), 0 error(s), 2 left on base; Evans HS 3 - Bishop Gorman HS 12
TOP OF THE 4TH
Evans HS Knights batting - Pitching for Bishop Gorman HS : RHP Armando Rodríguez
Batting: RHB Michael Stevenson 0-0: SINGLE (Flyball, 89M)
Batting: RHB Ronnie Rogers 0-0: Ball
1-0: Ball
2-0: Ball
3-0: Called Strike
3-1: Foul Ball, location: 2F
3-2: Strikes out swinging
Batting: LHB Guy Moss 0-0: Called Strike
0-1: SINGLE (Flyball, 7LS)
Michael Stevenson to second
Batting: RHB John Eaves 0-0: Ball
1-0: Called Strike
1-1: Swinging Strike
1-2: Ball
2-2: Strikes out looking
Batting: LHB Ernesto López 0-0: Ball
1-0: Called Strike
1-1: Called Strike
1-2: Strikes out swinging
Top of the 4th over - 0 run(s), 2 hit(s), 0 error(s), 2 left on base; Evans HS 3 - Bishop Gorman HS 12
BOTTOM OF THE 4TH
Bishop Gorman HS batting - Pitching for Evans HS Knights : RHP Dale Stone
Batting: LHB Jack Jefferson 0-0: Called Strike
0-1: Ball
1-1: Ball
2-1: SINGLE (Line Drive, 34)
Batting: LHB Bill Green 0-0: Ball
1-0: Grounds into double play, 6-4-3 (Groundball, 6)
Batting: LHB Jean-Sébastien Beaudin 0-0: Ball
1-0: Foul Ball, location: 2F
1-1: Ground out 4-3 (Groundball, 4M)
Bottom of the 4th over - 0 run(s), 1 hit(s), 0 error(s), 0 left on base; Evans HS 3 - Bishop Gorman HS 12
TOP OF THE 5TH
Evans HS Knights batting - Pitching for Bishop Gorman HS : RHP Armando Rodríguez
Pitching: RHP Jim Edmiston
Batting: RHB Tom Stoltz 0-0: Called Strike
0-1: Ball
1-1: Called Strike
1-2: Strikes out looking
Batting: RHB Holden Davis 0-0: Ball
1-0: Swinging Strike
1-1: Ground out 6-3 (Groundball, 6)
Batting: LHB Bill McCraney 0-0: Foul Ball, location: 2F
0-1: Ball
1-1: Foul Ball, location: 2F
1-2: Ball
2-2: Ball
3-2: Strikes out swinging
Top of the 5th over - 0 run(s), 0 hit(s), 0 error(s), 0 left on base; Evans HS 3 - Bishop Gorman HS 12
BOTTOM OF THE 5TH
Bishop Gorman HS batting - Pitching for Evans HS Knights : RHP Dale Stone
Batting: RHB Eugene Salazar 0-0: Foul Ball, location: 2F
0-1: Foul Ball, location: 2F
0-2: Ball
1-2: DOUBLE (Flyball, 8LD)
Batting: RHB Vincent Braun 0-0: Ball
1-0: SINGLE (Line Drive, 7LS)
Eugene Salazar to third
Batting: RHB Gary Robinson 0-0: Ball
1-0: Fly out, F6 (Line Drive, 6)
Batting: RHB Kip Murphy 0-0: DOUBLE (Line Drive, 7LM)
Eugene Salazar scores
Vincent Braun to third
Runner from 3rd tries for Home, SAFE, throw made at trailing runner, SAFE at third!
Batting: SHB Darren Ramsey 0-0: Ground out 6-3 (Groundball, 56)
Kip Murphy scores
Batting: RHB Tim Bonner 0-0: Called Strike
0-1: Foul Ball, location: 2F
0-2: Ground out 6-3 (Groundball, 6M)
Bottom of the 5th over - 3 run(s), 3 hit(s), 0 error(s), 0 left on base; Evans HS 3 - Bishop Gorman HS 15
TOP OF THE 6TH
Evans HS Knights batting - Pitching for Bishop Gorman HS : RHP Jim Edmiston
Batting: SHB Jorge Dávila 0-0: SINGLE (Line Drive, 89S)
Batting: RHB Michael Stevenson 0-0: Called Strike
Jorge Dávila steals 2nd base
0-1: Ball
1-1: Ball
2-1: Ball
3-1: Base on Balls
Batting: RHB Ronnie Rogers 0-0: Ball
Wild Pitch!
Jorge Dávila to third
Michael Stevenson to second
1-0: Ball
2-0: Fly out, F6 (Popup, 15)
Batting: LHB Guy Moss 0-0: Called Strike
0-1: SINGLE (Line Drive, 6M)
Jorge Dávila scores
Michael Stevenson to third
Batting: RHB John Eaves 0-0: Called Strike
0-1: Fly out, F9 (Flyball, 89M)
Batting: LHB Ernesto López 0-0: Ball
1-0: Called Strike
Reached via error on a dropped throw, E3
Michael Stevenson scores
Guy Moss to second
Batting: RHB Tom Stoltz 0-0: Ball
1-0: Ball
2-0: Ball
3-0: Base on Balls
Guy Moss to third
Ernesto López to second
Batting: RHB Holden Davis 0-0: Swinging Strike
0-1: Swinging Strike
0-2: Foul Ball, location: 2F
0-2: Ball
Reached via error on a dropped throw, E3
Guy Moss scores
Ernesto López to third
Tom Stoltz to second
Batting: LHB Bill McCraney 0-0: Ball
1-0: Foul Ball, location: 2F
1-1: Reached on error, E1 (Groundball, 13)
Ernesto López scores
Tom Stoltz to third
Holden Davis to second
Batting: SHB Jorge Dávila 0-0: Ball
1-0: Ball
2-0: Called Strike
2-1: Foul Ball, location: 2F
2-2: Ball
3-2: SINGLE (Groundball, 56D)
Tom Stoltz scores
Holden Davis to third
Bill McCraney to second
Holden Davis scores
Bill McCraney to third
Pitching: LHP Miguel Suárez
Batting: RHB Michael Stevenson 0-0: Ball
1-0: Ball
2-0: Ball
3-0: Called Strike
3-1: Base on Balls
Jorge Dávila to second
Batting: RHB Ronnie Rogers 0-0: Ball
1-0: Called Strike
1-1: Ball
2-1: Foul Ball, location: 2F
2-2: DOUBLE (Line Drive, 7M)
Bill McCraney scores
Jorge Dávila scores
Michael Stevenson to third
Runner from 3rd tries for Home, SAFE, throw made home
Batting: LHB Guy Moss 0-0: Ball
1-0: SINGLE (Line Drive, 9LM)
Ronnie Rogers to third
Runner from 3rd tries for Home, SAFE, no throw or cutoff
Pitching: LHP Miguel Aragón
Batting: RHB John Eaves 0-0: SINGLE (Groundball, 4MD)
Guy Moss to second
Batting: LHB Ernesto López 0-0: Ball
1-0: Called Strike
1-1: Ball
2-1: Foul Ball, location: 2F
2-2: Ball
3-2: Hit by Pitch
Guy Moss to third
John Eaves to second
Batting: RHB Tom Stoltz 0-0: Foul Ball, location: 2F
0-1: Swinging Strike
0-2: Strikes out looking
Top of the 6th over - 10 run(s), 6 hit(s), 3 error(s), 3 left on base; Evans HS 13 - Bishop Gorman HS 15
BOTTOM OF THE 6TH
Bishop Gorman HS batting - Pitching for Evans HS Knights : RHP Dale Stone
Pitching: RHP Gary Mickey
Batting: LHB Jack Jefferson 0-0: Foul Ball, location: 2F
0-1: Called Strike
0-2: Ball
1-2: Foul Ball, location: 2F
1-2: Ball
2-2: Foul Ball, location: 2F
2-2: Strikes out swinging
Batting: LHB Bill Green 0-0: Ball
1-0: Ball
2-0: Ball
3-0: Base on Balls
Batting: LHB Jean-Sébastien Beaudin 0-0: Ball
1-0: Called Strike
1-1: Called Strike
1-2: Hit by Pitch
Bill Green to second
Batting: RHB Eugene Salazar 0-0: Swinging Strike
0-1: Swinging Strike
0-2: Strikes out swinging
Batting: RHB Vincent Braun 0-0: Ball
1-0: SINGLE (Groundball, 6MD)
Bill Green to third
Jean-Sébastien Beaudin to second
Runner from 3rd tries for Home, SAFE, no throw or cutoff
Batting: RHB Gary Robinson 0-0: Fly out, F4 (Line Drive, 4)
Bottom of the 6th over - 1 run(s), 1 hit(s), 0 error(s), 2 left on base; Evans HS 13 - Bishop Gorman HS 16
TOP OF THE 7TH
Evans HS Knights batting - Pitching for Bishop Gorman HS : LHP Miguel Aragón
Batting: RHB Holden Davis 0-0: Ball
1-0: Foul Ball, location: 2F
1-1: SINGLE (Groundball, 56D)
Batting: LHB Bill McCraney 0-0: Foul Ball, location: 2F
0-1: DOUBLE (Flyball, 7D)
Holden Davis to third
Batting: SHB Jorge Dávila 0-0: SINGLE (Line Drive, 78M)
Holden Davis scores
Bill McCraney to third
Batting: RHB Michael Stevenson 0-0: Ball
1-0: SINGLE (Flyball, 9S)
Bill McCraney scores
Jorge Dávila to second
Runner from 2nd tries for 3rd, SAFE, no throw or cutoff
Pitching: RHP Máximo Rivera
Batting: RHB Ronnie Rogers 0-0: Ball
1-0: Ball
2-0: Called Strike
2-1: Ball
3-1: Ground out 6-3 (Groundball, 56)
Michael Stevenson to second
Batting: LHB Guy Moss 0-0: Fly out, F9 (Flyball, 9M)
Runner from 3rd tags up, SCORES, no throw
Batting: RHB John Eaves 0-0: Ball
1-0: Foul Ball, location: 2F
1-1: Ball
2-1: Ball
3-1: Base on Balls
Batting: LHB Ernesto López 0-0: DOUBLE (Line Drive, 7M)
Michael Stevenson scores
John Eaves to third
Runner from 3rd tries for Home, SAFE, no throw or cutoff
Batting: RHB Tom Stoltz 0-0: Ball
1-0: Fly out, F7 (Line Drive, 7M)
Top of the 7th over - 5 run(s), 5 hit(s), 0 error(s), 1 left on base; Evans HS 18 - Bishop Gorman HS 16
BOTTOM OF THE 7TH
Bishop Gorman HS batting - Pitching for Evans HS Knights : RHP Gary Mickey
Batting: RHB Kip Murphy 0-0: Ball
1-0: Fly out, F4 (Popup, 3DF)
Batting: SHB Darren Ramsey 0-0: Swinging Strike
0-1: Swinging Strike
0-2: Ball
1-2: Ball
2-2: Strikes out swinging
Batting: RHB Tim Bonner 0-0: Ball
1-0: Fly out, F7 (Flyball, 7M)
Bottom of the 7th over - 0 run(s), 0 hit(s), 0 error(s), 0 left on base; Evans HS 18 - Bishop Gorman HS 16
TOP OF THE 8TH
Evans HS Knights batting - Pitching for Bishop Gorman HS : RHP Máximo Rivera
Batting: RHB Holden Davis 0-0: SINGLE (Flyball, 78S)
Batting: LHB Bill McCraney 0-0: Ball
1-0: SINGLE (Flyball, 78M)
Holden Davis to second
Batting: SHB Jorge Dávila 0-0: Ball
1-0: Foul Ball, location: 2F
1-1: Ball
2-1: Ball
3-1: Base on Balls
Holden Davis to third
Bill McCraney to second
Batting: RHB Michael Stevenson 0-0: SINGLE (Line Drive, 78S)
Holden Davis scores
Bill McCraney to third
Jorge Dávila to second
Pitching: RHP George Gallagher
Batting: RHB Ronnie Rogers 0-0: Ball
1-0: Foul Ball, location: 2F
1-1: Ball
2-1: Foul Ball, location: 2F
2-2: Fly out, F8 (Flyball, 8LXD)
Runner from 3rd tags up, SCORES, no throw
Jorge Dávila to third
Batting: LHB Guy Moss 0-0: Called Strike
0-1: Ball
1-1: Swinging Strike
1-2: DOUBLE (Groundball, 3L)
Jorge Dávila scores
Michael Stevenson to third
Batting: RHB John Eaves 0-0: Ball
1-0: Foul Ball, location: 2F
1-1: Ball
2-1: Ball
3-1: Called Strike
3-2: Base on Balls
Batting: LHB Ernesto López 0-0: Called Strike
Single, Error in OF, E7, batter to second base
Michael Stevenson scores
Guy Moss scores
John Eaves to third
Batting: RHB Tom Stoltz 0-0: Called Strike
0-1: SINGLE (Groundball, 6)
John Eaves scores
Ernesto López to third
Batting: RHB Holden Davis 0-0: Ball
1-0: Hit by Pitch
Tom Stoltz to second
Batting: LHB Bill McCraney 0-0: Ball
1-0: Ball
2-0: Called Strike
2-1: Swinging Strike
2-2: Strikes out looking
Batting: SHB Jorge Dávila 0-0: Ball
1-0: Foul Ball, location: 2F
1-1: Called Strike
1-2: Ball
2-2: SINGLE (Line Drive, 89M)
Ernesto López scores
Tom Stoltz to third
Holden Davis to second
Runner from 3rd tries for Home, SAFE, no throw or cutoff
Pitching: LHP Alfonso Cardenas
Batting: RHB Michael Stevenson 0-0: Ball
1-0: Ball
2-0: Called Strike
2-1: Foul Ball, location: 2F
2-2: Fly out, F9 (Flyball, 9S)
Top of the 8th over - 8 run(s), 7 hit(s), 1 error(s), 2 left on base; Evans HS 26 - Bishop Gorman HS 16
BOTTOM OF THE 8TH
Bishop Gorman HS batting - Pitching for Evans HS Knights : RHP Gary Mickey
Pitching: RHP Neil Browning
Now in RF: Bill Rice
Batting: LHB Jack Jefferson 0-0: Ball
1-0: Ball
2-0: Ball
3-0: Called Strike
3-1: Base on Balls
Batting: LHB Bill Green 0-0: Called Strike
0-1: Ball
1-1: Foul Ball, location: 2F
1-2: Grounds into double play, 4-6-3 (Groundball, 4)
Batting: LHB Jean-Sébastien Beaudin 0-0: Called Strike
0-1: Fly out, F7 (Flyball, 7LM)
Bottom of the 8th over - 0 run(s), 0 hit(s), 0 error(s), 0 left on base; Evans HS 26 - Bishop Gorman HS 16
TOP OF THE 9TH
Evans HS Knights batting - Pitching for Bishop Gorman HS : LHP Alfonso Cardenas
Batting: RHB Ronnie Rogers 0-0: Called Strike
0-1: Ball
1-1: Reached on Error, E7 (Flyball, 7S)
Batting: LHB Guy Moss 0-0: Foul Ball, location: 2F
0-1: Swinging Strike
0-2: Foul Ball, location: 2F
0-2: Ball
1-2: Ball
2-2: Ball
3-2: DOUBLE (Line Drive, 9LS)
Ronnie Rogers to third
Batting: RHB John Eaves 0-0: Called Strike
0-1: Called Strike
0-2: Ball
1-2: Ball
2-2: Foul Ball, location: 2F
2-2: Ball
3-2: Strikes out looking
Batting: LHB Ernesto López 0-0: Ball
1-0: Called Strike
1-1: Ball
2-1: Ball
3-1: Base on Balls
Batting: RHB Tom Stoltz 0-0: Called Strike
0-1: Ball
1-1: Ball
2-1: Swinging Strike
2-2: Grounds into double play, 5-4-3 (Groundball, 56)
Top of the 9th over - 0 run(s), 1 hit(s), 1 error(s), 2 left on base; Evans HS 26 - Bishop Gorman HS 16
BOTTOM OF THE 9TH
Bishop Gorman HS batting - Pitching for Evans HS Knights : RHP Neil Browning
Batting: RHB Eugene Salazar 0-0: Called Strike
0-1: Reached on error, E5 (Groundball, 5)
Batting: RHB Vincent Braun 0-0: Ball
1-0: Ball
2-0: SINGLE (Groundball, 6D)
Eugene Salazar to second
Batting: RHB Gary Robinson 0-0: Called Strike
0-1: Swinging Strike
0-2: Ball
1-2: Fly out, F8 (Flyball, 8LM)
Batting: RHB Kip Murphy 0-0: Called Strike
0-1: Foul Ball, location: 2F
0-2: Strikes out swinging
Batting: SHB Darren Ramsey 0-0: Ball
1-0: Foul Ball, location: 2F
1-1: Swinging Strike
1-2: Ball
2-2: Ball
3-2: Foul Ball, location: 2F
3-2: Foul Ball, location: 2F
3-2: SINGLE (Groundball, 34)
Eugene Salazar to third
Vincent Braun to second
Eugene Salazar scores
Vincent Braun to third
Batting: RHB Tim Bonner 0-0: Ball
1-0: Ball
2-0: Called Strike
2-1: Called Strike
2-2: Strikes out swinging
Bottom of the 9th over - 1 run(s), 2 hit(s), 1 error(s), 2 left on base; Evans HS 26 - Bishop Gorman HS 17
This league is powered by Out of the Park Baseball, the baseball management simulation game for PC, Mac and Linux
Wednesday, December 2nd, 2015 - OOTP Baseball 16.8 Build 38